 Dungeon Crawl Stone Soup version 0.20-a0-502-g555d78b (webtiles) character file.

239 M4edhros the Covert (level 6, 0/38 HPs)
             Began as an Octopode Artificer on Jan 20, 2017.
             Slain by Vesto's ghost (13 damage)
             ... on level 4 of the Dungeon.
             The game lasted 00:01:29 (536 turns).

M4edhros the Covert (Octopode Artificer)             Turns: 536, Time: 00:01:29

Health: 0/38       AC:  1    Str: 11    XL:     6   Next: 7%
Magic:  8/8        EV: 19    Int: 13    God:
Gold:   24         SH:  0    Dex: 20    Spells: 5/5 levels left

rFire    . . .     SeeInvis .   m - +2 mace (protect)
rCold    . . .     Gourm    .   (no shield)
rNeg     . . .     Faith    .   (helmet restricted)
rPois    .         Spirit   .   (no amulet)
rElec    .         Reflect  .   (no ring)
rCorr    .         Harm     .   (no ring)
MR       .....                  (no ring)
Stlth    +++++++...             (no ring)
Regen    0.2/turn               (no ring)
                                (no ring)
                                (no ring)
                                (no ring)

@: agile
A: almost no armour, stealthy swim, amphibious, 8 rings, constrict 8, camouflage
1, gelatinous body 1
a: no special abilities


You were on level 4 of the Dungeon.
You were not hungry.

You visited 1 branch of the dungeon, and saw 4 of its levels.

You collected 24 gold pieces.

Inventory:

Hand Weapons
 a - a +0 short sword
 l - a +0 hunting sling
 m - a +2 mace of protection (weapon)
Missiles
 g - 58 stones (quivered)
 h - 11 sling bullets
Wands
 b - a wand of flame (7/48)
 c - a wand of enslavement (12/24)
 d - a wand of random effects (8/48)
Scrolls
 e - a scroll of identify {unknown}
 i - a scroll of remove curse {unknown}
 j - a scroll of recharging {unknown}
 o - a scroll of magic mapping {unknown}
Comestibles
 f - a bread ration
 n - 2 chunks of flesh


   Skills:
 - Level 1.0 Fighting
 - Level 1.0 Short Blades
 - Level 2.0 Dodging
 + Level 8.4 Stealth
 - Level 3.2 Evocations


You had 5 spell levels left.
You didn't know any spells.

Dungeon Overview and Level Annotations

Branches:
Dungeon (4/15)
 Temple: D:4-7

Altars:

Annotations:
D:4 Vesto's ghost, weakling MiFi


Innate Abilities, Weirdness & Mutations

You cannot wear most types of armour.
You are very stealthy in the water. (Stealth+)
You are amphibious.
You can wear up to eight rings at the same time.
You can use your tentacles to constrict eight enemies at once.
Your skin changes colour to match your surroundings (Stealth+).
Your rubbery body absorbs attacks. (AC +1, EV +1)


Message History

You hit Vesto's ghost but do no damage.
Vesto's ghost is moderately damaged.
Vesto's ghost completely misses you. The giant cockroach closely misses you.
Vesto's ghost hits you! The giant cockroach misses you.
You barely miss Vesto's ghost. You squeeze Vesto's ghost!
Vesto's ghost is heavily damaged.
The giant cockroach closely misses you. Vesto's ghost hits you!
* * * LOW HITPOINT WARNING * * *
The giant cockroach misses you. Vesto's ghost barely misses you.
Evoke which item? (* to show all) (? for menu, Esc to quit)
Aiming: Throw Flame
Press: ? - help, Shift-Dir - straight line, f - Vesto's ghost
Aim: Vesto's ghost (water, heavily damaged)
The puff of flame hits Vesto's ghost.
Vesto's ghost is severely damaged.
This wand has 7 charges left.
Vesto's ghost is engulfed in a cloud of scalding steam.
Vesto's ghost hits you!
You die...

##.......#.###.........
#.....##..##..........
##...###..###.........
#....##..# #.........
##...##..# ##........
#......## ##........
##......###.........
##......s#≈≈≈≈....<.
#........W@≈≈≈≈.....
##........≈≈≈≈≈≈≈....
#..............≈≈....
#...............≈....
#.....................
#.................#..
#...............#.#..
#.....>.........#....
........###...##


You could see Vesto's ghost and a giant cockroach.

Vanquished Creatures
  Eustachio (D:4)
  An ogre (D:4)
  A worm (D:3)
  A leopard gecko (D:1)
  An orc (D:3)
  A bat (D:1)
  2 goblins (D:3)
  2 quokkas
  A ball python (D:1)
  6 rats
17 creatures vanquished.

Vanquished Creatures (collateral kills)
  A kobold (D:3)
  A rat (D:3)
2 creatures vanquished.

Vanquished Creatures (others)
  An adder (D:3)
1 creature vanquished.

Grand Total: 20 creatures vanquished

Notes
Turn   | Place    | Note
-------+----------+-------------------------------------------
     0 | D:1      | M4edhros the Octopode Artificer began the quest for the Orb.
     0 | D:1      | Reached XP level 1. HP: 13/13 MP: 3/3
    81 | D:1      | Reached skill level 2 in Stealth
   109 | D:1      | Reached XP level 2. HP: 14/18 MP: 4/4
   141 | D:2      | Reached skill level 3 in Stealth
   362 | D:4      | Noticed an ogre
   420 | D:4      | Killed an ogre
   420 | D:4      | Reached skill level 6 in Stealth
   420 | D:4      | Reached XP level 3. HP: 17/23 MP: 5/5
   420 | D:4      | Reached XP level 4. HP: 21/28 MP: 6/6
   424 | D:4      | Noticed Eustachio
   428 | D:4      | Killed Eustachio
   428 | D:4      | Reached skill level 8 in Stealth
   428 | D:4      | Reached XP level 5. HP: 26/33 MP: 7/7
   428 | D:4      | Reached XP level 6. HP: 30/38 MP: 8/8
   502 | D:4      | Noticed Vesto's ghost (weakling MiFi)
   536 | D:4      | Slain by Vesto's ghost

Vault maps used:
D:1:      dpeg_arrival_signposts, minmay_pentomino_s2
D:3:      first_bread
D:4:      serial_column_ruins, column_ruins_temple_circle,
          column_ruins_open_medium_water, column_ruins_columns_T,
          column_ruins_grid_1, column_ruins_corridor_corner,
          column_ruins_open_small, corexii_item_surrounded_by_moat,
          nicolae_elemental_shop, uniq_eustachio

Skill      XL: |  1  2  3  4 |
---------------+-------------+-----
Stealth        | 2 6 8 |  8.4
Fighting       | |  1.0
Short Blades   | |  1.0
Dodging        | |  2.0
Evocations     | |  3.2

Action                   |  1- 3 |  4- 6 || total
-------------------------+-------+-------++-------
Melee: Short sword       |    20 |       ||    20
       Constrict         |     4 |       ||     4
       Tentacles         |     1 |     2 ||     3
       Mace              |     2 |     5 ||     7
Evoke: Wand              |    12 |     6 ||    18
  Use: Potion            |       |     2 ||     2
 Stab: Sleeping          |     1 |       ||     1
Armor: Skin              |     2 |       ||     2
Dodge: Dodged            |    17 |    15 ||    32
